 Dungeon Crawl Stone Soup version 0.24-a0-342-gad4687c37d (webtiles) character file.

Game seed: 16007188758556416793

4195 D1HalberdGnoll the Cleaver (level 10, -6/80 HPs)
             Began as a Formicid Fighter on May 21, 2019.
             Was an Initiate of the Shining One.
             Mangled by a cyan ugly thing (9 damage)
             ... on level 8 of the Dungeon.
             The game lasted 00:13:35 (10149 turns).

D1HalberdGnoll the Cleaver (Formicid Fighter)      Turns: 10149, Time: 00:13:36

Health: -6/80      AC: 16    Str: 23    XL:     10   Next: 54%
Magic:  10/10      EV:  7    Int:  9    God:    the Shining One [......]
Gold:   511        SH: 12    Dex: 10    Spells: 9/9 levels left

rFire    + . .     SeeInvis +   a - +1 war axe
rCold    x . .     Gourm    .   c - +1 shield
rNeg     . . .     Faith    .   i - +0 plate armour
rPois    .         Spirit   .   (helmet unavailable)
rElec    .         Reflect  .   q - +0 cloak
rCorr    .         Harm     .   (no gloves)
MR       +....                  g - +0 pair of boots
Stlth    ..........             (no amulet)
HPRegen  0.23/turn              s - ring of fire
MPRegen  0.12/turn              (no ring)

@: glowing
A: permanent stasis, dig shafts and tunnels, four strong arms, antennae 3
a: Dig, Shaft Self, Renounce Religion


You were on level 8 of the Dungeon.
You worshipped the Shining One.
The Shining One was noncommittal.
You were not hungry.

You visited 2 branches of the dungeon, and saw 10 of its levels.
You also visited: Sewer.

You collected 511 gold pieces.

Inventory:

Hand Weapons
 a - a +1 war axe (weapon)
 y - a +1 flail of holy wrath
Missiles
 t - 41 poisoned darts (quivered)
Armour
 c - a +1 shield (worn)
 g - a +0 pair of boots (worn)
 i - a +0 plate armour (worn)
 q - a +0 cloak (worn)
Jewellery
 s - a ring of fire (left hand)
Scrolls
 e - 3 scrolls of identify
 j - 2 scrolls of enchant armour
 n - a scroll of amnesia
 u - 4 scrolls of remove curse
 x - a scroll of enchant weapon
Potions
 b - a potion of ambrosia {unknown}
 d - 4 potions of might
 h - a potion of lignification {unknown}
 k - 2 potions of resistance {unknown}
 l - 4 potions of curing
 m - 4 potions of heal wounds
 o - 2 potions of haste
 p - 2 potions of brilliance
 r - 2 potions of flight
 w - a potion of mutation {unknown}
 z - a potion of berserk rage {unknown}
Comestibles
 f - 18 rations
 v - 2 chunks of flesh


   Skills:
 + Level 7.9 Fighting
 * Level 9.5 Axes
 + Level 7.9 Armour
 + Level 8.6 Shields


You had 9 spell levels left.
You didn't know any spells.
Your spell library contained the following spells:

 Spells                   Type           Power        Failure   Level  Hunger
 Beastly Appendage        Tmut           #.....       99%         1    ##.....
 Sticks to Snakes         Tmut           #.......     100%        2    ###....
 Spider Form              Tmut/Pois      #.........   100%        3    ####...
 Ice Form                 Ice/Tmut       #.......     100%        4    #####..
 Blade Hands              Tmut           #.........   100%        5    ######.


Dungeon Overview and Level Annotations

Branches:
Dungeon (9/15)             Temple (1/1) D:6             Orc (0/2) D:9
   Lair: D:8-11

Altars:
Ashenzari
Cheibriados
Dithmenos
Fedhas
Gozag
Hepliaklqana
Kikubaaqudgha
Makhleb
Nemelex Xobeh
Okawaru
Qazlal
Ru
Sif Muna
Trog
Uskayaw
Vehumet
Wu Jian
Xom
Yredelemnul
Zin
The Shining One

Shops:
D:6 [   D:8 =}


Innate Abilities, Weirdness & Mutations

You cannot be hasted, slowed, berserked, paralysed or teleported.
You can dig through walls and to a lower floor.
Your four strong arms can wield two-handed weapons with a shield.
You have a pair of large antennae on your head. (SInv)


Message History

The cyan ugly thing pecks you but does no damage.
The cyan ugly thing pecks you! The cyan ugly thing shocks you!
The cyan ugly thing pecks you!
* * * LOW HITPOINT WARNING * * *
The cyan ugly thing shocks you!
* * * LOW HITPOINT WARNING * * *
There is a stone staircase leading up, spattered with blood here.
You block the cyan ugly thing's attack.
You climb upwards.
There is a stone staircase leading down here.
Things that are here:
an uncursed amulet of harm; a +0 chain mail; a +0 dire flail Are you sure you want to shaft yourself?
You feel somewhat more hungry. The cyan ugly thing pecks you!
* * * LOW HITPOINT WARNING * * *
The cyan ugly thing shocks you!
* * * LOW HITPOINT WARNING * * *
You begin to dig a shaft.
You continue digging a shaft.
The cyan ugly thing pecks you!
You die...

#.........##......# #.#
#.###.###.#......#########.#
#.# #.# #.##...#...........#
#.###.# #.###>##############
#.....# #.# #.# #.##### #.#
#.# #.# #.# #.# #.#######.#
#u# #.........# #@#
########### #.# ### #.###
##.## #...########
##.#.###..........#
########.###......######.#
#.).(...## ##....## #.#
#.###(##.###......# #.# #.#
#.###.#.##...## #.#


You could see a cyan ugly thing.

Vanquished Creatures
  2 hippogriffs
  A hungry ghost (D:7)
  Edmund (D:5)
  A sky beast (D:7)
  A black bear (D:7)
  An ice beast (D:8)
  4 orc warriors
  An ogre (D:8)
  6 centaurs
  A big kobold (Sewer)
  2 wyvern zombies
  3 bullfrogs
  A wyvern skeleton (D:8)
  A water moccasin skeleton (D:4)
  4 killer bees
  2 howler monkeys
  A crimson imp (D:9)
  4 bullfrog zombies
  4 jellies
  8 hounds
  7 orc priests
  A bullfrog skeleton (D:8)
  7 orc wizards
  2 iguanas
  4 worker ants
  2 killer bee zombies
  2 hound zombies
  A hound skeleton (D:9)
  19 adders
  4 river rats
  3 shadow imps
  9 oozes
  2 adder zombies
  2 adder skeletons
  2 worms
  5 dart slugs
  6 leopard geckos
  28 orcs
  2 ball pythons
  5 giant cockroaches
  5 goblins
  5 hobgoblins
  13 jackals
  16 kobolds
  6 quokkas
  5 bats
  3 frilled lizards
  A giant cockroach zombie (D:5)
  A jackal skeleton (D:7)
  A leopard gecko zombie (D:5)
  A quokka zombie (D:7)
  13 rats
232 creatures vanquished.

Notes
Turn   | Place    | Note
-------+----------+-------------------------------------------
     0 | D:1      | D1HalberdGnoll the Formicid Fighter began the quest for the
                  | Orb.
     0 | D:1      | Reached XP level 1. HP: 18/18 MP: 1/1
   111 | D:1      | Reached XP level 2. HP: 22/24 MP: 2/2
   181 | D:1      | Found an iron altar of Okawaru.
   247 | D:1      | Reached XP level 3. HP: 28/29 MP: 3/3
   774 | D:2      | Reached XP level 4. HP: 37/37 MP: 4/4
   864 | D:2      | Reached skill level 3 in Axes
   986 | D:2      | Reached XP level 5. HP: 34/42 MP: 5/5
  1989 | D:3      | Reached XP level 6. HP: 45/48 MP: 6/6
  2235 | D:3      | Reached skill level 4 in Axes
  2480 | D:3      | Found an opulent altar of Gozag.
  2486 | D:3      | Found an iron altar of Okawaru.
  3186 | D:4      | Reached skill level 5 in Shields
  3236 | D:4      | Found a hazy altar of Hepliaklqana.
  3248 | D:4      | Reached XP level 7. HP: 48/55 MP: 7/7
  3452 | D:5      | Entered Level 5 of the Dungeon
  3452 | D:5      | Noticed Edmund
  3463 | D:5      | Killed Edmund
  3463 | D:5      | Reached skill level 5 in Axes
  3587 | D:5      | Reached skill level 5 in Fighting
  3708 | D:5      | Reached skill level 5 in Armour
  3820 | D:5      | Found a basalt altar of Yredelemnul.
  4012 | D:5      | Found a glowing drain.
  4016 | Sewer    | Entered a sewer
  4022 | Sewer    | Reached XP level 8. HP: 21/62 MP: 8/8
  4343 | Sewer    | Found a white marble altar of Elyvilon.
  4421 | D:5      | Found a glowing silver altar of Zin.
  4679 | D:5      | Reached skill level 6 in Axes
  5000 | D:6      | Found Guaxioch's Armour Emporium.
  5115 | D:6      | Found a staircase to the Ecumenical Temple.
  5231 | Temple   | Entered the Ecumenical Temple
  5803 | D:7      | Reached skill level 7 in Axes
  5803 | D:7      | Reached XP level 9. HP: 60/69 MP: 9/9
  6798 | D:7      | Noticed a hippogriff
  6808 | D:7      | Killed a hippogriff
  7141 | D:7      | Reached skill level 8 in Axes
  7956 | D:8      | Reached XP level 10. HP: 76/79 MP: 10/10
  8440 | D:8      | Found Hekiteuz's Jewellery Shop.
  8443 | D:8      | Found Avuuhug's Gadget Emporium.
  8459 | D:8      | Reached skill level 9 in Axes
  9169 | D:9      | Found a glowing golden altar of the Shining One.
  9214 | D:9      | Became a worshipper of the Shining One
 10097 | D:9      | Found a staircase to the Orcish Mines.
 10118 | D:9      | Noticed a cyan ugly thing
 10148 | D:8      | HP: 2/80 [cyan ugly thing (13)]
 10149 | D:8      | Mangled by a cyan ugly thing

Levels and vault maps discovered:
D:1:      mrwooster_arrival_statue_2, layout_rooms, okawaru_ov_weapons_minmay
D:2:      layout_loops_corners, minmay_joined_circles
D:3:      cheibrodos_helix_gallery, layout_loops_ring,
          chequers_temple_overflow_statue_of_worship, first_ration,
          serial_forest, infiniplex_forest_clump_small,
          infiniplex_forest_lined_1, infiniplex_forest_lined_3,
          infiniplex_forest_end_2, infiniplex_forest_side_room,
          minmay_misc_feat_rows
D:4:      layout_cave_pools, nicolae_overflow_crystal_walls
D:5:      layout_rooms, kennysheep_mini_moat, old_standard_altar,
          gup_sewer_entry_bowl, uniq_edmund
D:6:      layout_rooms, minmay_temple_entry_glassed_door, serial_shops, shop
D:7:      layout_loops_ring, nicolae_ossuary_entry_false_entrances
D:8:      layout_loops_corners, serial_shops, shop, shop
D:9:      layout_grid_maze, lemuel_doored_altar, lemuel_round_altar,
          david_orc_3, hangedman_little_slice_of_home
Temple:   regret_index_temple_waves

Skill      XL: |  1  2  3  4  5  6  7  8  9 10 |
---------------+-------------------------------+-----
Shields        | 4 5 6 7 8 |  8.6
Axes           | 3 4 5 7 8 9 |  9.5
Fighting       | 4 5 6 7 |  7.9
Armour         | 4 5 6 7 |  7.9

Action                   |  1- 3 |  4- 6 |  7- 9 | 10-12 || total
-------------------------+-------+-------+-------+-------++-------
Melee: War axe           |    85 |   254 |   425 |   194 ||   958
Throw: Dart              |       |       |     2 |     6 ||     8
 Abil: Shaft Self        |       |       |       |     1 ||     1
Evoke: Wand              |       |       |     7 |     7 ||    14
  Use: Scroll            |       |    11 |     3 |     5 ||    19
       Potion            |       |       |     2 |       ||     2
  Eat: Chunk             |       |     8 |    17 |     7 ||    32
       Ration            |       |       |     2 |       ||     2
Armor: Scale mail        |    35 |    73 |       |       ||   108
       Chain mail        |       |    54 |   183 |    61 ||   298
       Plate armour      |       |       |       |     4 ||     4
Dodge: Dodged            |    39 |    90 |   101 |    40 ||   270
Block: Shield            |    43 |   157 |   296 |   121 ||   617

Table legend:
 A = Non-vault XP
 B = Vault XP
 C = Vault XP percentage of total XP
 D = Non-vault monster count
 E = Vault monster count
 F = Vault count percentage of total count
                 A         B        C        D         E       F
            +---------+---------+-------+---------+---------+-------
      Total |    5051 |     942 |  15.7 |     187 |      45 |  19.4
            +---------+---------+-------+---------+---------+-------
        D:1 |      39 |       0 |   0.0 |      20 |       0 |   0.0
        D:2 |     143 |      75 |  34.4 |      31 |      12 |  27.9
        D:3 |      62 |       4 |   6.1 |      18 |       2 |  10.0
        D:4 |     212 |       0 |   0.0 |       9 |       0 |   0.0
        D:5 |     470 |     206 |  30.5 |      17 |       5 |  22.7
        D:6 |     463 |       0 |   0.0 |      13 |       0 |   0.0
        D:7 |    1590 |       0 |   0.0 |      33 |       0 |   0.0
        D:8 |    1731 |     133 |   7.1 |      37 |       1 |   2.6
        D:9 |     341 |     384 |  53.0 |       9 |      12 |  57.1
      Sewer |       0 |     140 | 100.0 |       0 |      13 | 100.0
            +---------+---------+-------+---------+---------+-------
